 Dungeon Crawl Stone Soup version 0.26.0-10-g1f06aea511 (webtiles) character file.

Game seed: 15472423148137972474

324 Arum the Covered (level 6, 0/39 HPs)
             Began as a Gargoyle Fighter on Jan 18, 2021.
             Slain by a wight
             ... wielding a cursed +2 battleaxe
              (11 damage)
             ... on level 4 of the Dungeon.
             The game lasted 00:02:49 (3019 turns).

Arum the Covered (Gargoyle Fighter)                 Turns: 3019, Time: 00:02:49

Health: 0/39       AC: 12    Str: 22    XL:     6   Next: 48%
Magic:  6/6        EV:  7    Int:  8    God:
Gold:   174        SH:  9    Dex:  9    Spells: 5/5 levels left

rFire    . . .     SeeInvis .   a - +0 flail
rCold    . . .     Faith    .   c - +0 kite shield
rNeg     + . .     Spirit   .   b - +0 scale mail
rPois    ∞         Reflect  .   (no helmet)
rElec    +         Harm     .   (no cloak)
rCorr    .         Rampage  .   w - +0 pair of gloves
Will     .....                  (no boots)
Stlth    ..........             (no amulet)
HPRegen  0.13/turn              (no ring)
MPRegen  0.10/turn              (no ring)

@: no status effects
A: negative energy resistance 1, electricity resistance, unbreathing,
petrification resistance, miasma immunity, AC +4
a: no special abilities


You were on level 4 of the Dungeon.
You visited 1 branch of the dungeon, and saw 5 of its levels.

You collected 174 gold pieces.

Inventory:

Hand Weapons
 a - a +0 flail (weapon)
Missiles
 k - 2 throwing nets (quivered)
Armour
 b - a +0 scale mail (worn)
 c - a +0 kite shield (worn)
 w - a +0 pair of gloves (worn)
 z - the +4 chain mail "Ceymoram" {*Contam Dex+6, unknown}
   (You found it on level 5 of the Dungeon)

   It affects your dexterity (+6).
   It causes magical contamination when unequipped.
Jewellery
 y - a +6 ring of dexterity {unknown}
Wands
 x - a wand of acid (6)
Scrolls
 f - 4 scrolls of remove curse {unknown}
 g - a scroll of enchant armour {unknown}
 h - 3 scrolls of enchant weapon {unknown}
 i - 3 scrolls of identify {unknown}
 m - a scroll of noise {unknown}
 o - a scroll of immolation {unknown}
 q - 2 scrolls of fog {unknown}
 v - a scroll of blinking {unknown}
Potions
 d - 3 potions of might
 e - 3 potions of heal wounds {unknown}
 j - a potion of berserk rage {unknown}
 l - 2 potions of lignification {unknown}
 n - a potion of flight {unknown}
 p - a potion of magic {unknown}
 r - a potion of curing {unknown}
 s - a potion of mutation {unknown}
 t - a potion of brilliance {unknown}
 u - a potion of haste {unknown}


   Skills:
 + Level 4.7 Fighting
 + Level 3.6 Maces & Flails
 + Level 4.8 Armour
 + Level 4.7 Shields


You had 5 spell levels left.
You didn't know any spells.
Your spell library was empty.

Dungeon Overview and Level Annotations

Branches:
Dungeon (5/15)
 Temple: D:4-7

Altars:
Fedhas
Qazlal


Innate Abilities, Weirdness & Mutations

You are resistant to torment.
Your stone body is resilient. (AC +4)
You are immune to poison.
You resist negative energy. (rN+)
You are resistant to electric shocks. (rElec)
You can survive without breathing.
You are immune to petrification.
You are immune to miasma.


Message History

You barely miss the wight.
The wight is heavily damaged.
The wight hits you with a cursed +2 battleaxe.
* * * LOW HITPOINT WARNING * * *
You hit the wight but do no damage.
The wight is heavily damaged.
You block the wight's attack.
You barely miss the wight.
The wight is heavily damaged.
You block the wight's attack.
You hit the wight but do no damage.
The wight is heavily damaged.
The wight completely misses you.
You hit the wight.
The wight is heavily damaged.
The wight barely misses you.
You hit the wight but do no damage.
The wight is heavily damaged.
The wight hits you with a cursed +2 battleaxe!
You die...

### ### ##.## ##.######
##.#.## ##......>#
##†#.#.####.#.#.##.#
#.#.#...@#.##.##.#.####
##.#.#.#z.....#.......#
##...####.####..#.##.#
##.######.###.##.##.#
###.##.........##....#
#............#.#####.#
#............#.#####.#
##.........>..#.......#
#................####.#


You could see a wight.

Vanquished Creatures
  A scorpion (D:4)
  A howler monkey (D:5)
  A centaur zombie (D:3)
  An iguana (D:4)
  A worker ant (D:4)
  A hound skeleton (D:4)
  A howler monkey skeleton (D:4)
  3 adders
  An ufetubus (D:5)
  An ooze (D:2)
  An adder zombie (D:3)
  5 worms
  2 dart slugs
  3 leopard geckos
  3 orcs
  5 giant cockroaches
  8 goblins
  5 hobgoblins
  9 bats
  6 frilled lizards
  A giant cockroach zombie (D:3)
  13 kobolds
  A quokka zombie (D:3)
  10 rats
84 creatures vanquished.

Vanquished Creatures (others)
  2 fungi (D:3)
  A plant (D:3)
  2 withered plants (D:3)
5 creatures vanquished.

Grand Total: 89 creatures vanquished

Notes
Turn   | Place    | Note
-------+----------+-------------------------------------------
     0 | D:1      | Arum the Gargoyle Fighter began the quest for the Orb.
     0 | D:1      | Reached XP level 1. HP: 14/14 MP: 1/1
   180 | D:1      | Reached XP level 2. HP: 19/19 MP: 2/2
   519 | D:1      | Reached XP level 3. HP: 23/23 MP: 3/3
   973 | D:2      | Reached XP level 4. HP: 26/29 MP: 4/4
  1555 | D:3      | Found a blossoming altar of Fedhas.
  1555 | D:3      | Found a stormy altar of Qazlal.
  1868 | D:3      | Reached XP level 5. HP: 29/33 MP: 5/5
  2587 | D:4      | Reached XP level 6. HP: 38/39 MP: 6/6
  2871 | D:5      | Entered Level 5 of the Dungeon
  2965 | D:5      | Got an ichor-stained chain mail
  3019 | D:4      | Slain by a wight

Illustrated notes

Levels and vault maps discovered:
D:1:      dpeg_arrival_morbid_curiosity, layout_basic
D:2:      layout_basic, hangedman_feature_mirror
D:3:      layout_rooms, grunt_temple_overflow_forces_of_nature, serial_undead,
          serial_undead_b, serial_undead_c, serial_undead_b, serial_undead_a,
          serial_undead_e, serial_undead_a
D:4:      layout_loops_cross, hangedman_feature_mirror
D:5:      layout_loops_cross, ebering_ghost_gozag, serial_shops,
          kennysheep_little_box

Skill      XL: |  1  2  3  4 |
---------------+-------------+-----
Armour         | 4 |  4.8
Fighting       | 4 |  4.7
Shields        | 4 |  4.7
Maces & Flails | 3 |  3.6

Action                   |  1- 3 |  4- 6 || total
-------------------------+-------+-------++-------
Melee: Flail             |   136 |   248 ||   384
Armor: Scale mail        |    78 |   133 ||   211
Dodge: Dodged            |    45 |   106 ||   151
Block: Kite shield       |    89 |   133 ||   222
